 Dungeon Crawl Stone Soup version 0.26.1-2-gb8aa6d0cf2 (webtiles) character file.

Game seed: 11893168674516553061

123 Descartes the Magician (level 4, -2/24 HPs)
             Began as a Deep Elf Hedge Wizard on Feb 19, 2021.
             Killed by divine providence
             ... invoked by an orc priest
              (15 damage)
             ... on level 3 of the Dungeon.
             The game lasted 00:09:00 (3213 turns).

Descartes the Magician (Deep Elf Hedge Wizard)      Turns: 3213, Time: 00:09:01

Health: -2/24      AC:  6    Str:  7    XL:     4   Next: 79%
Magic:  3/13       EV: 13    Int: 20    God:
Gold:   116        SH:  0    Dex: 14    Spells: 12/13 levels left

rFire    . . .     SeeInvis .   a - +0 dagger
rCold    . . .     Faith    .   (no shield)
rNeg     . . .     Spirit   .   b - +0 robe
rPois    +         Reflect  .   c - +0 hat
rElec    .         Harm     .   (no cloak)
rCorr    .         Rampage  .   (no gloves)
Will     .....                  (no boots)
Stlth    ++........             (no amulet)
HPRegen  0.08/turn              o - ring of poison resistance
MPRegen  0.13/turn              k - +4 ring of protection

@: no status effects
A: no striking features
a: no special abilities


You were on level 3 of the Dungeon.
You visited 1 branch of the dungeon, and saw 3 of its levels.

You collected 116 gold pieces.

Inventory:

Hand Weapons
 a - a +0 dagger (weapon)
Missiles
 g - 124 stones
 h - 31 bolts
 j - 13 poisoned darts
 s - 8 javelins
Armour
 b - a +0 robe (worn)
 c - a +0 hat (worn)
 v - a +0 tower shield
Jewellery
 k - a +4 ring of protection (right hand)
 o - a ring of poison resistance (left hand)
Scrolls
 d - 2 scrolls of identify {unknown}
 e - 3 scrolls of teleportation {unknown}
 l - a scroll of blinking {unknown}
 p - a scroll of fog {unknown}
 q - a scroll of enchant armour {unknown}
 r - a scroll of random uselessness {unknown}
 u - a scroll of immolation {unknown}
Potions
 f - a potion of resistance {unknown}
 i - 2 potions of invisibility {unknown}
 m - a potion of cancellation {unknown}
 n - 2 potions of heal wounds {unknown}
 t - a potion of attraction {unknown}
 w - a potion of curing {unknown}


   Skills:
 + Level 2.6 Dodging
 - Level 2.4 Stealth
 + Level 0.1 Shields
 - Level 5.0 Spellcasting
 + Level 4.7 Conjurations
 - Level 1.1 Summonings
 - Level 1.1 Translocations


You had 12 spell levels left.
You knew the following spells:

 Your Spells              Type           Power        Failure   Level
a - Magic Dart            Conj           92%          1%          1

Your spell library contained the following spells:

 Spells                   Type           Power        Failure   Level
 Blink                    Tloc           N/A          11%         2
 Call Imp                 Summ           9%           11%         2
 Conjure Flame            Conj/Fire      14%          13%         3
 Slow                     Hex            5%           17%         2
 Mephitic Cloud           Conj/Pois/Air  11%          19%         3


Dungeon Overview and Level Annotations

Branches:
Dungeon (3/15)

Altars:


Message History

The orc is healed somewhat.
Casting: Magic Dart (safe; 1% risk of failure)
Confirm with . or Enter, or press ? or * to list all spells.
Aiming: Magic Dart (safe; 1% risk of failure)
Press: ? - help, Shift-Dir - straight line, f/p - orc
Aim: an orc, wielding a +0 hand axe and wearing a +0 leather armour (lightly wounded, 0% to evade)
The magic dart hits the orc.
The orc is heavily wounded.
The orc priest begins to cast a cantrip, but forgets the words!
Casting: Magic Dart (safe; 1% risk of failure)
Confirm with . or Enter, or press ? or * to list all spells.
Aiming: Magic Dart (safe; 1% risk of failure)
Press: ? - help, Shift-Dir - straight line, f/p - orc
Aim: an orc, wielding a +0 hand axe and wearing a +0 leather armour (heavily wounded, 0% to evade)
The magic dart hits the orc.
You kill the orc!
The orc priest mumbles some strange prayers to Beogh against you.
Beogh smites you!
Ouch! That really hurt!
You die...

# ##.##.##.g.))g....#
##.# ##
##.##.####.###.####
.. .# ##......###.#
#.# .####...........#
#.#
.)))...†.##.#######..
.###.............####
.# #........####.# .#
#........# #.### ##
#........# #@..# #
#..#.#.#.# #.#...#
#.....)..# #)###...#
#.......## #)# #..
#.......# #.o .
#.......# ..)
#.......# ...
#.......# ....
#.......#


You could see an orc priest.

Vanquished Creatures
  Robin (D:2)
  3 adders
  A worm (D:3)
  3 dart slugs
  A leopard gecko (D:3)
  4 orcs (D:3)
  4 giant cockroaches
  14 goblins
  9 hobgoblins
  2 jackals (D:2)
  10 bats
  4 frilled lizards
  4 kobolds
  7 rats
67 creatures vanquished.

Notes
Turn   | Place    | Note
-------+----------+-------------------------------------------
     0 | D:1      | Descartes the Deep Elf Hedge Wizard began the quest for the
                  | Orb.
     0 | D:1      | Reached XP level 1. HP: 10/10 MP: 7/7
   267 | D:1      | Reached XP level 2. HP: 15/15 MP: 5/9
   619 | D:1      | Reached skill level 5 in Spellcasting
  1404 | D:2      | Reached XP level 3. HP: 19/19 MP: 9/11
  2543 | D:3      | Reached XP level 4. HP: 24/24 MP: 10/13
  2701 | D:3      | Noticed Robin
  2821 | D:2      | Killed Robin
  3213 | D:3      | Killed from afar by an orc priest

Illustrated notes

Levels and vault maps discovered:
D:1:      lightli_arrival_farm, layout_loops_ring, serial_park_tiny_pond,
          hangedman_decor_points, amcnicky_mini_corridor_feature,
          minmay_heptomino_o4
D:2:      layout_loops_ring, nrook_mini_vaults
D:3:      layout_loops_cross, grunt_temple_overflow_open, tso_metal_star,
          uniq_terence, uniq_robin

Skill      XL: |  1  2  3  4 |
---------------+-------------+-----
Conjurations   | 2 3 4 |  4.7
Spellcasting   | 5 |  5.0
Dodging        | |  2.6
Stealth        | |  2.4
Shields        | |  0.1
Summonings     | |  1.1
Translocations | |  1.1

Action                   |  1- 3 |  4- 6 || total
-------------------------+-------+-------++-------
Melee: Dagger            |     2 |       ||     2
 Cast: Magic Dart        |    93 |    59 ||   152
Armor: Robe              |     6 |     2 ||     8
Dodge: Dodged            |     7 |     7 ||    14
